 Dungeon Crawl Stone Soup version 0.17.2-1-ge4368a0 (webtiles) character file.

143 Charly the Insei (level 5, 0/28 HPs)
             Began as a Vine Stalker Monk on July 9, 2017.
             Slain by an ogre
             ... wielding a +0 giant club
              (15 damage)
             ... on level 5 of the Dungeon.
             The game lasted 00:05:25 (460 turns).

Charly the Insei (Vine Stalker Monk)                 Turns: 460, Time: 00:05:26

Health: 0/28       AC: 11    Str: 20    XL:     5   Next: 25%
Magic:  0/6        EV:  6    Int: 10    God:
Gold:   3          SH:  0    Dex: 17    Spells: 0 memorised, 4 levels left

rFire  . . .     SeeInvis .       - Unarmed
rCold  . . .     Clarity  .     e - +0 plate armour
rNeg   . . .     SustAt   .     (no shield)
rPois  .         Gourm    .     a - +0 helmet of Vanity {rElec Str+6} (curse)
rElec  +         Spirit   +     (no cloak)
rCorr  .         Warding  .     (no gloves)
rMut   .         Stasis   .     (no boots)
MR     .....                    (no amulet)
Stlth  ..........               (no ring)
                                (no ring)

@: not resistant to hostile enchantments, extremely unstealthy
A: fangs 2, regeneration 1, magic shield, antimagic bite, no device heal 3, rot
immunity
a: no special abilities


You were on level 5 of the Dungeon.
You were not hungry.

You visited 1 branch of the dungeon, and saw 5 of its levels.

You collected 39 gold pieces.
You spent 36 gold pieces at shops.

Inventory:

Armour
 a - the cursed +0 helmet of Vanity (worn) {rElec Str+6}
   (You found it on level 5 of the Dungeon)

   It affects your strength (+6).
   It insulates you from electricity.
   It has a curse placed upon it.
 e - a +0 plate armour (worn)
Wands
 i - a wand of teleportation (4)
Scrolls
 d - a scroll of noise {unknown}
 f - a scroll of identify {unknown}
 g - a scroll of enchant armour {unknown}
 h - a scroll of immolation {unknown}
 j - a scroll of amnesia
 m - a scroll of enchant weapon {unknown}
 n - a scroll of remove curse {unknown}
Potions
 c - a potion of magic {unknown}
 k - a potion of lignification
 l - a potion of mutation {unknown}
Comestibles
 b - a bread ration


   Skills:
 - Level 3.3 Fighting
 - Level 2.4 Dodging
 - Level 2.4 Stealth
 + Level 5.9 Unarmed Combat


You had 4 spell levels left.
You didn't know any spells.

Dungeon Overview and Level Annotations

Branches:
Dungeon (5/15)
 Temple: D:4-7

Altars:

Shops:
D:5 !

Annotations:
D:5 Grinder


Innate Abilities, Weirdness & Mutations

You have extremely sharp teeth.
Your natural rate of healing is unusually fast.
When hurt, damage is shared between your health and your magic reserves.
Your bite disrupts and absorbs the magic of your enemies.
Potions and wands cannot restore your health.
You are immune to rotting.


Message History

The ogre hits you but does no damage.
You punch the ogre!
The ogre is heavily wounded.
The ogre hits you with a giant club!
Found 13 gold pieces.
Found 11 gold pieces.
The ogre barely misses you.
You open the door.
Found 15 stones.
You punch the ogre!
The ogre is severely wounded.
The ogre hits you with a giant club!
Found a long sword and a leather armour.
There is an open door here.
Your plate armour prevents you from hitting the ogre.
You bite the ogre, but do no damage.
The ogre is severely wounded.
The ogre hits you with a giant club!!
Ouch! That really hurt!
You die...

.............##
#########.....#
#......#.....#
#...[..#.....+
#..)...#.....#
#......#.....#
+......#.....#
#......#O....#
#.....(@.....#
########.....#
#######


You could see an ogre.

Vanquished Creatures
  The ghost of Charly the Ruffian, a weakling VSTm (D:4)
  A hound (D:5)
  A worker ant (D:5)
  4 gnolls
  A worm (D:2)
  The ghost of Charly the Sneak, a weakling SpEn (D:5)
  An orc (D:3)
  5 goblins (D:4)
  A hobgoblin (D:4)
  A kobold (D:3)
  A giant cockroach (D:3)
18 creatures vanquished.

Notes
Turn   | Place    | Note
--------------------------------------------------------------
     0 | D:1      | Charly the Vine Stalker Monk began the quest for the Orb.
     0 | D:1      | Reached XP level 1. HP: 11/11 MP: 2/2
    82 | D:3      | Reached XP level 2. HP: 16/16 MP: 3/3
   144 | D:3      | plate
   197 | D:4      | Reached XP level 3. HP: 11/19 MP: 2/4
   210 | D:5      | Entered Level 5 of the Dungeon
   216 | D:5      | Reached skill level 5 in Unarmed Combat
   219 | D:5      | Got a brightly glowing helmet
   225 | D:5      | Identified the cursed +0 helmet of Vanity {rElec Str+6} (You found it on level 5 of the Dungeon)
   229 | D:5      | Noticed Grinder
   241 | D:4      | Noticed Charly's ghost (weakling VSTm)
   260 | D:4      | Killed Charly's ghost
   260 | D:4      | Reached XP level 4. HP: 21/24 MP: 5/5
   284 | D:4      | wTele
   307 | D:5      | Found Haonea's Distillery.
   317 | D:5      | Bought a potion of lignification for 36 gold pieces
   388 | D:5      | Reached XP level 5. HP: 25/28 MP: 4/6
   392 | D:5      | Noticed Charly's ghost (weakling SpEn)
   398 | D:5      | Killed Charly's ghost
   405 | D:5      | Noticed an ogre
   460 | D:5      | Slain by an ogre

Action                   |  1- 3 |  4- 6 || total
-------------------------+-------+-------++-------
Melee: Unarmed           |    58 |    17 ||    75
  Use: Scroll            |       |     1 ||     1
 Stab: Sleeping          |     1 |       ||     1
